 Dungeon Crawl Stone Soup version 0.28.0-45-g0d030f2227 (webtiles) character file.

Game seed: 14577232657721394086

3965 MisterFreud the Transmogrifier (level 8, -5/80 HPs)
             Began as a Red Draconian Transmuter on Apr 30, 2022.
             Was a Believer of Ru.
             Slain by a centaur warrior (7 damage)
             ... on level 8 of the Dungeon.
             The game lasted 00:16:07 (9385 turns).

MisterFreud the Transmogrifier (DrTm)               Turns: 9385, Time: 00:16:07

Health: -5/80      AC:  7    Str: 13    XL:     8   Next: 2%
Magic:  8/14       EV: 11    Int: 16    God:    Ru [**....]
Gold:   361        SH:  0    Dex: 11    Spells: 6/15 levels left

rFire   x . .      SeeInvis +     - Unarmed
rCold   + + +      Faith    +   (shield currently unavailable)
rNeg    . . .      Spirit   .   (armour unavailable)
rPois   +          Reflect  .   (helmet currently unavailable)
rElec   .          Harm     .   (cloak currently unavailable)
rCorr   .          Rampage  .   (gloves currently unavailable)
Will    .....                   (boots currently unavailable)
Stlth   +.........              t - amulet of faith
HPRegen 0.23/turn               q - ring of protection from cold
MPRegen 0.14/turn               m - ring of see invisible

@: mighty, ice-form
A: freezing attack, amphibious, boosted hp, (breathe fire), AC +6, large,
unfitting armour, (fire resistance 1), (cold-blooded), inexperienced 1
a: End Transformation, Renounce Religion


You were on level 8 of the Dungeon.
You worshipped Ru.
Ru was pleased with you.
You were a creature of crystalline ice.
You visited 2 branches of the dungeon, and saw 9 of its levels.

You collected 361 gold pieces.

Inventory:

Missiles
 c - 5 silver javelins
 k - 5 javelins
 n - 18 poisoned darts
 y - 7 boomerangs
Armour
 h - a +0 cloak (melded)
Jewellery
 a - the ring of Prescription {rPois rF+++ Will- rCorr Int-5}
   (You acquired it on level 8 of the Dungeon)

   [ring of resist corrosion]

   Int:       It affects your intelligence (-5).
   rF:        It renders you almost immune to fire.
   rPois:     It protects you from poison.
   rCorr:     It protects you from acid and corrosion.
   Will:      It decreases your willpower.
 g - an amulet of guardian spirit
 m - a ring of see invisible (right front paw)
 q - a ring of protection from cold (left front paw)
 t - an amulet of faith (around neck)
Wands
 i - a wand of charming (12)
 w - a wand of flame (32)
 x - a wand of digging (4)
Scrolls
 e - 3 scrolls of amnesia
 r - 3 scrolls of magic mapping
Potions
 l - a potion of mutation
 p - 3 potions of attraction
 s - a potion of brilliance


   Skills:
 + Level 4.6 Fighting
 + Level 6.2 Dodging
 + Level 6.3 Unarmed Combat
 - Level 4.0 Spellcasting
 - Level 10.0 Transmutations
 - Level 2.0 Ice Magic


You had 6 spell levels left.
You knew the following spells:

 Your Spells              Type           Power      Damage    Failure   Level
a - Ice Form              Ice/Tmut       22%        N/A       14%         4
b - Wereblood             Tmut           35%        N/A       1%          2
c - Spider Form           Tmut/Pois      19%        N/A       6%          3

Your spell library contained the following spells:

 Spells                   Type           Power      Damage    Failure   Level
 Beastly Appendage        Tmut           70%        N/A       1%          1
 Apportation              Tloc           6%         N/A       17%         1
 Ensorcelled Hibernation  Hex/Ice        12%        N/A       17%         2
 Static Discharge         Conj/Air       3%         N/A       26%         2
 Anguish                  Hex/Necr       1%         N/A       86%         4
 Dispel Undead            Necr           3%         3d7       86%         4
 Sticky Flame             Conj/Fire      3%         2d3       86%         4
 Statue Form              Tmut/Erth      12%        N/A       97%         6
 Summon Forest            Summ/Tloc      1%         N/A       99%         5
 Dragon Form              Tmut           17%        N/A       93%         7


Dungeon Overview and Level Annotations

Branches:
Dungeon (8/15)             Temple (1/1) D:5
   Lair: D:8-11

Altars:
Ashenzari
Elyvilon
Fedhas
Gozag
Makhleb
Nemelex Xobeh
Okawaru
Ru
Trog
Uskayaw
Wu Jian
Yredelemnul
Zin
The Shining One

Shops:
D:8 [

Annotations:
D:7 Pikel


Innate Abilities, Weirdness & Mutations

You are a creature of crystalline ice.
You have a powerful freezing melee attack.
You are amphibious.
Your maximum health is increased.
Your armour is entirely melded.
You are incapable of wielding weapons or throwing items.
((You can breathe blasts of fire.))
((Your fiery red scales are hard. (AC +6)))
You cannot fit into any form of body armour.
((Your flesh is heat resistant. (rF+)))
((You are cold-blooded and may be slowed by cold attacks.))
You are somewhat inexperienced. (-2 XL)


Message History

Okay, then.
Unknown command.
Unknown command.
Blink to where?
Press: ? - help, Dir - move target
As you read the scroll of blinking, it crumbles to dust.
The centaur warrior wields a +0 shortbow.
The centaur warrior shoots an arrow.
The arrow hits you.
* * * LOW HITPOINT WARNING * * *
You see here a bullfrog skeleton.
Okay, then.
As you read the scroll labelled RIDWAY ERRU, it crumbles to dust.
The scroll dissolves into smoke.
It was a scroll of fog.
It was a potion of curing.
You feel better.
The centaur warrior shoots an arrow.
The arrow misses you.
The centaur warrior unwields a +0 shortbow.
The centaur warrior misses you. The centaur warrior kicks you.
* * * LOW HITPOINT WARNING * * *
The centaur warrior hits you!
* * * LOW HITPOINT WARNING * * *
The centaur warrior kicks you but does no damage.
It was a potion of might.
You feel very mighty all of a sudden.
The centaur warrior is stunned by your conviction and fails to attack.
Okay, then.
Unknown command.
Unknown command.
Unknown command.
Unknown command.
Unknown command.
You hit the centaur warrior. You freeze the centaur warrior.
The centaur warrior is lightly wounded.
The centaur warrior completely misses you. x2
Unknown command.
You barely miss the centaur warrior.
The centaur warrior is lightly wounded.
The centaur warrior misses you.
The centaur warrior kicks you but does no damage.
The centaur warrior hits you!
You die...

#########
#..#..#...#..#...###...
#..# #.....###..## ##..
#..# #.....#....# #..
#..###...))#.#..## ##..
#..#..#...#..#...###...
#..#.#÷###.#.##.......#
#..##..§.#..####)....##
#..#####h##### #######
#..#§§Ycc§...# # .#
#..#§###§###.# .##.#
#..#§ #÷# #.# #..# #
#..#.###)###.###.##..##
#..#.....c....c.c.8....
#..#.###)###.###h.##.##
#..# #.# #.# #..# #..#
#.# #.# .##.# #..# ...
..# # .#


You could see 2 centaur warriors and a howler monkey.

Vanquished Creatures
  A troll (shapeshifter) (D:8)
  A troll (D:6)
  A vampire (D:8)
  4 yaks (D:7)
  2 water moccasins
  A sky beast (D:8)
  2 orc warriors
  An ice beast (D:5)
  A black bear (D:7)
  3 centaurs
  3 ogres
  A phantom (D:5)
  2 bullfrogs (D:8)
  A kobold brigand (D:5)
  A scorpion (D:4)
  Dowan (D:6)
  A wight (D:8)
  An electric eel (D:8)
  3 centaur zombies (D:8)
  3 hounds
  A bullfrog zombie (D:6)
  3 orc priests
  3 jellies (D:5)
  A centaur skeleton (D:3)
  4 iguanas
  3 orc wizards
  A killer bee zombie (D:7)
  A hound zombie (D:5)
  A howler monkey zombie (D:8)
  4 adders
  A shadow imp (D:8)
  A white imp (D:4)
  An adder skeleton (D:4)
  A worm (D:3)
  3 dart slugs
  25 orcs
  2 ball pythons
  5 endoplasms
  14 giant cockroaches
  9 goblins
  6 hobgoblins
  2 jackals (D:3)
  5 quokkas
  8 bats
  4 frilled lizards
  7 kobolds
  3 rats
153 creatures vanquished.

Vanquished Creatures (collateral kills)
  A manticore (D:8)
1 creature vanquished.

Vanquished Creatures (others)
  2 orc wizards (D:8)
2 creatures vanquished.

Grand Total: 156 creatures vanquished

Notes
Turn   | Place    | Note
-------+----------+-------------------------------------------
     0 | D:1      | MisterFreud the Draconian Transmuter began the quest for
                  | the Orb.
     0 | D:1      | Reached XP level 1. HP: 16/16 MP: 3/3
   304 | D:1      | Reached XP level 2. HP: 16/23 MP: 5/5
   538 | D:1      | Reached skill level 3 in Transmutations
  1305 | D:1      | Learned a level 2 spell: Wereblood
  1366 | D:2      | Reached XP level 3. HP: 26/26 MP: 6/6
  1800 | D:2      | Reached skill level 4 in Transmutations
  1928 | D:2      | Found a faded altar of an unknown god.
  2043 | D:3      | Reached XP level 4. HP: 31/35 MP: 5/7
  2450 | D:3      | Reached skill level 5 in Transmutations
  3092 | D:4      | Reached XP level 5. HP: 33/41 MP: 6/8
  3096 | D:4      | Learned a level 3 spell: Spider Form
  3505 | D:4      | Noticed an ogre
  3519 | D:4      | Killed an ogre
  3520 | D:4      | Reached XP level 6. HP: 12/51 MP: 3/9
  4245 | D:5      | Entered Level 5 of the Dungeon
  4262 | D:5      | Found a glowing golden altar of the Shining One.
  4285 | D:5      | Reached skill level 5 in Unarmed Combat
  4453 | D:5      | Found a staircase to the Ecumenical Temple.
  4473 | D:5      | Your scales start taking on a fiery red colour.
  4473 | D:5      | Reached XP level 7. HP: 33/59 MP: 5/10
  4473 | D:5      | Gained mutation: Your flesh is heat resistant. (rF+) [Red
                  | Draconian growth]
  4476 | Temple   | Entered the Ecumenical Temple
  4657 | Temple   | Became a worshipper of Ru the Awakened
  5484 | D:5      | Reached XP level 8. HP: 41/66 MP: 7/11
  5977 | D:5      | Identified a scroll of acquirement
  5977 | D:5      | Acquired MisterFreud's Incunabulum of Warped Moulding
  5984 | D:5      | Learned a level 4 spell: Ice Form
  6058 | D:6      | Reached skill level 5 in Dodging
  6539 | D:6      | Noticed a troll
  6549 | D:6      | Killed a troll
  6550 | D:6      | Reached skill level 6 in Transmutations
  7031 | D:6      | Noticed Dowan
  7059 | D:6      | Killed Dowan
  7138 | D:7      | Reached skill level 7 in Transmutations
  7140 | D:7      | Gained mutation: You are somewhat inexperienced. (-2 XL)
                  | [Ru sacrifice]
  7140 | D:7      | Reached XP level 7. HP: 59/59 MP: 9/10
  7140 | D:7      | Reached XP level 6. HP: 52/52 MP: 9/9
  7140 | D:7      | Reached * piety under Ru
  7140 | D:7      | Reached ** piety under Ru
  7230 | D:7      | Reached skill level 8 in Transmutations
  7230 | D:7      | Reached XP level 7. HP: 26/59 MP: 10/10
  7253 | D:7      | Reached skill level 1 in Ice Magic
  7593 | D:7      | Noticed Pikel
  7720 | D:8      | Found Tilayc's Antique Armour Shoppe.
  8170 | D:8      | Reached skill level 9 in Transmutations
  8477 | D:8      | Acquired the ring of Prescription {rPois rF+++ Will- rCorr
                  | Int-5}
  8582 | D:8      | Reached skill level 10 in Transmutations
  9037 | D:8      | Noticed a manticore
  9058 | D:8      | Killed a manticore
  9358 | D:8      | Noticed a troll
  9358 | D:8      | Noticed a centaur warrior
  9359 | D:8      | Noticed a centaur warrior
  9365 | D:8      | Killed a troll
  9370 | D:8      | Reached XP level 8. HP: 26/67 MP: 6/14
  9374 | D:8      | HP: 4/80 [centaur warrior/arrow (4)]
  9382 | D:8      | HP: 1/80 [centaur warrior (9)]
  9385 | D:8      | Slain by a centaur warrior

Illustrated notes

Levels and vault maps discovered:
D:1:      dpeg_arrival_court, layout_loops_ring
D:2:      kennysheep_big_flooded_room, layout_rooms,
          dilly_ecumenical_altar_fadedgnrine, minivault_26
D:3:      minmay_roachtagon, layout_basic
D:4:      layout_loops_corners, hangedman_abyss_or_decor_stagger
D:5:      layout_loops_ring, tso_metal_star, minmay_temple_entry_crystal_x
D:6:      layout_basic, uniq_duvessa
D:7:      lemuel_ratsnest, layout_rooms, serial_shops, kennysheep_little_box,
          grunt_potential, uniq_pikel
D:8:      layout_basic, serial_shops, nicolae_stop_n_shop_2,
          columned_hall_lemuel, kennysheep_doodads, minivault_4,
          minmay_the_grid_2x2 [minmay_the_grid_outer_circle,
          minmay_the_grid_spin_star, minmay_the_grid_minigrid_large,
          minmay_the_grid_prize_trominoes]
Temple:   regret_index_temple_sigil_plot

Skill      XL: |  1  2  3  4  5  6  7  8 |
---------------+-------------------------+-----
Transmutations | 3 4 5 8 10 7 | 10.0
Fighting       | 3 4 |  4.6
Unarmed Combat | 4 5 6 |  6.3
Dodging        | 4 6 |  6.2
Ice Magic      | 2 |  2.0
Spellcasting   | 4 |  4.0

Action                   |  1- 3 |  4- 6 |  7- 9 || total
-------------------------+-------+-------+-------++-------
Melee: Unarmed           |   143 |   127 |   258 ||   528
       Kick              |    16 |    20 |     3 ||    39
       Headbutt          |    18 |    13 |     3 ||    34
       Tailslap          |    16 |    10 |     7 ||    33
       Punch             |     1 |     2 |     3 ||     6
Throw: Dart              |       |     2 |       ||     2
 Cast: Beastly Appendage |    25 |    14 |     3 ||    42
       Spider Form       |       |     8 |    28 ||    36
       Ice Form          |       |       |     4 ||     4
Invok: Sacrifice Experie |       |     1 |       ||     1
 Abil: Breathe Fire      |       |     1 |     8 ||     9
       End Transformatio |       |       |     1 ||     1
  Use: Scroll            |       |       |    20 ||    20
       Potion            |       |       |     4 ||     4
 Stab: Sleeping          |     1 |     1 |     1 ||     3
Armor: Skin              |    56 |    31 |    54 ||   141
Dodge: Dodged            |   109 |    90 |   213 ||   412
